 Dungeon Crawl Stone Soup version 0.14-a0-2017-g4a4604d (webtiles) character file.

734 M4edhros the Quickloader (level 7, -8/43 HPs)
             Began as an Octopode Wanderer on Jan 18, 2014.
             Killed by divine providence
             ... invoked by an orc priest
              (14 damage)
             ... on Level 5 of the Dungeon on Jan 19, 2014.
             The game lasted 00:04:46 (2591 turns).

M4edhros the Quickloader (Octopode Wanderer)        Turns: 2591, Time: 00:04:46

HP  -8/43        AC  1     Str 11      XL: 7   Next: 44%
MP   7/7         EV 11     Int 15      God:
Gold 123         SH  0     Dex 13      Spells:  0 memorised,  6 levels left

rFire  . . .     SeeInvis .     c - +0 crossbow
rCold  . . .     Clarity  .     (no shield)
rNeg   . . .     Conserve .     (helmet restricted)
rPois  .         rCorr    .     (no amulet)
rElec  .         rRot     .     (no ring)
SustAb . .       Spirit   .     (no ring)
rMut   .         Warding  .     (no ring)
Saprov . . .     Stasis   .     (no ring)
MR     .....                    (no ring)
                                (no ring)
                                (no ring)
                                (no ring)

@: not resistant to hostile enchantments, quite stealthy
A: almost no armour, amphibious, 8 rings, constrict 8, camouflage 1, gelatinous
body 1
a: no special abilities


You were on level 5 of the Dungeon.
You were not hungry.

You visited 1 branch of the dungeon, and saw 5 of its levels.

You collected 123 gold pieces.

Inventory:

Hand weapons
 c - a +0,+0 crossbow (weapon)
 e - a +0,+0 dagger
 l - a +0,+0 cutlass
Missiles
 f - 22 bolts (quivered)
Comestibles
 g - 4 bread rations
 m - a choko
Scrolls
 d - 4 scrolls of remove curse
 h - 5 scrolls of identify {unknown}
 j - a scroll of magic mapping {unknown}
 k - a scroll of noise {unknown}
 n - a scroll of curse armour {unknown}
 o - a scroll of blinking {unknown}
Potions
 b - a potion of might


   Skills:
 - Level 1.0 Fighting
 + Level 9.3 Crossbows
 - Level 1.0 Dodging
 - Level 4.0 Stealth


You had 6 spell levels left.
You didn't know any spells.

Dungeon Overview and Level Annotations

Branches:
Dungeon (5/16)
 Temple: D:4-7

Altars:
Vehumet


Innate Abilities, Weirdness & Mutations

You cannot wear most types of armour.
You are amphibious.
You can wear up to eight rings at the same time.
You can use your tentacles to constrict many enemies at once.
Your skin changes colour to match your surroundings (Stlth).
Your rubbery body absorbs attacks (AC +1).


Message History

Press: ? - help, Shift-Dir - straight line, f/p - worker ant
Aim: a worker ant You shoot a bolt.
The bolt hits the worker ant.
The worker ant bites you. The worker ant barely misses you.
The orc hits you from afar with an orcish trident.
Drink which item? (? for menu, Esc to quit)
Okay, then.
Read which item? (? for menu, Esc to quit)
Okay, then.
The worker ant closely misses you.
Read which item? (? for menu, Esc to quit)
As you read the scroll of fear, it crumbles to dust.
You assume a fearsome visage.
The worker ant looks frightened!
The orc priest looks frightened!
The orc looks frightened!
The orc priest invokes the aid of Beogh against you.
Something smites you!
* * * LOW HITPOINT WARNING * * *
The orc priest invokes the aid of Beogh against you.
Something smites you!
You die...

###+#### .# #......#
####.## #......#
#.....# #......#
#.....#### #>.....#
#.....#... #......#
#.......#
#......#######....o#
#......#.......o...#
#......@.#####....a#
#...).<### ####(##
#####'## #..# #...#
#o## #####.### #.
#.%<%.# #o #.#####
(. #.# (. .>. .(.


You could see an orc priest.

Vanquished Creatures
  2 ogres (D:4)
  The ghost of M4edhros the Sneak, an average OpWn (D:4)
  A hound (D:4)
  2 orc priests (D:4)
  An iguana (D:5)
  2 orc wizards
  4 worker ants (D:4)
  4 adders
  An adder zombie (D:4)
  A giant gecko (D:5)
  3 oozes
  6 orcs
  7 hobgoblins
  6 bats
  A giant gecko skeleton (D:4)
  4 giant newts
  3 goblins
  11 kobolds
  8 rats
68 creatures vanquished.

Notes
Turn   | Place    | Note
--------------------------------------------------------------
     0 | D:1      | M4edhros, the Octopode Wanderer, began the quest for the Orb.
     0 | D:1      | Reached XP level 1. HP: 13/13 MP: 1/1
   174 | D:1      | Reached XP level 2. HP: 13/18 MP: 2/2
   657 | D:2      | Reached XP level 3. HP: 23/23 MP: 3/3
   742 | D:2      | Reached skill level 6 in Crossbows
   853 | D:4      | Reached XP level 4. HP: 26/28 MP: 4/4
  1005 | D:4      | Noticed an ogre
  1012 | D:4      | Killed an ogre
  1012 | D:4      | Reached skill level 7 in Crossbows
  1012 | D:4      | Reached XP level 5. HP: 33/33 MP: 5/5
  1111 | D:4      | Noticed an ogre
  1134 | D:4      | Killed an ogre
  1134 | D:4      | Reached skill level 8 in Crossbows
  1134 | D:4      | Reached XP level 6. HP: 38/38 MP: 6/6
  1440 | D:4      | Found a radiant altar of Vehumet.
  2047 | D:4      | Reached XP level 7. HP: 30/43 MP: 7/7
  2264 | D:4      | Noticed M4edhros' ghost (average OpWn)
  2272 | D:4      | Killed M4edhros' ghost
  2272 | D:4      | Reached skill level 9 in Crossbows
  2522 | D:5      | Entered Level 5 of the Dungeon
  2591 | D:5      | Killed from afar by an orc priest

Action                   |  1- 3 |  4- 6 |  7- 9 || total
-------------------------+-------+-------+-------++-------
Melee: Cutlass           |       |    35 |       ||    35
 Fire: Crossbow          |    55 |    49 |    35 ||   139
  Use: Potion            |       |     2 |     3 ||     5
       Scroll            |       |     1 |     1 ||     2
 Stab: Sleeping          |       |     2 |       ||     2
